 Dungeon Crawl Stone Soup version 0.27-a0-1090-gb115f176c6 (webtiles) character file.

Game seed: 16374623558496497110

210 porpoise the Digger (level 5, -3/31 HPs)
             Began as an Octopode Earth Elementalist on Apr 28, 2021.
             Slain by an orc priest
             ... wielding a +0 mace
              (4 damage)
             ... on level 3 of the Dungeon.
             The game lasted 00:07:11 (2212 turns).

porpoise the Digger (Octopode Earth Elementalist)   Turns: 2212, Time: 00:07:12

Health: -3/31      AC:  1    Str:  8    XL:     5   Next: 87%
Magic:  7/10       EV: 13    Int: 18    God:
Gold:   50         SH:  5    Dex: 12    Spells: 7/11 levels left

rFire    . . .     SeeInvis .   a - +2 dagger (speed)
rCold    . . .     Faith    .   (no shield)
rNeg     . . .     Spirit   .   (helmet restricted)
rPois    .         Reflect  +   k - amulet of reflection
rElec    .         Harm     .   (no ring)
rCorr    .         Rampage  .   (no ring)
Will     .....                  (no ring)
Stlth    ++++......             (no ring)
HPRegen  0.10/turn              (no ring)
MPRegen  0.12/turn              (no ring)
                                (no ring)
                                (no ring)

@: very slightly contaminated
A: almost no armour, amphibious, 8 rings, camouflage 1, gelatinous body 1,
(nimble swimmer 1), tentacles
a: no special abilities


You were on level 3 of the Dungeon.
You visited 1 branch of the dungeon, and saw 3 of its levels.

You collected 128 gold pieces.
You spent 78 gold pieces at shops.

Inventory:

Hand Weapons
 a - a +2 dagger of speed (weapon)
 i - a +0 short sword of electrocution
Missiles
 b - 62 stones
 d - a throwing net
 j - 4 poisoned darts
 l - 11 bolts
Magical Staves
 f - a staff of cold
Jewellery
 k - an amulet of reflection (around mantle)
Wands
 m - a wand of flame (21)
Scrolls
 c - a scroll of vulnerability {unknown}
 e - a scroll of acquirement {unknown}
 g - 2 scrolls of enchant weapon {unknown}
 h - 4 scrolls of identify
Potions
 n - a potion of berserk rage {unknown}


   Skills:
 - Level 2.0 Dodging
 + Level 4.4 Stealth
 * Level 3.7 Spellcasting
 - Level 1.0 Transmutations
 * Level 4.6 Earth Magic


You had 7 spell levels left.
You knew the following spells:

 Your Spells              Type           Power      Damage    Failure   Level
a - Sandblast             Erth           40%        2d10      2%          1
b - Stone Arrow           Conj/Erth      22%        3d8       17%         3

Your spell library contained the following spells:

 Spells                   Type           Power      Damage    Failure   Level
 Passwall                 Tmut/Erth      10%        N/A       7%          2
 Petrify                  Tmut/Erth      13%        N/A       43%         4
 Lee's Rapid Deconstruct  Erth           10%        3d9*      54%         5


Dungeon Overview and Level Annotations

Branches:
Dungeon (3/15)

Altars:

Shops:
D:2 ?


Innate Abilities, Weirdness & Mutations

You cannot wear most types of armour.
You are amphibious.
You can wear up to eight rings at the same time.
Your skin changes colour to match your surroundings (Stealth+).
Your rubbery body absorbs attacks. (AC +1, EV +1)
((You are camouflaged near water. (Stealth+)))
You have tentacles for arms and can constrict up to eight enemies at once.


Message History

The helpless orc priest fails to defend itself.
You puncture the orc priest! Your grab misses the orc priest.
The orc priest is severely wounded.
The orc hits you with a +0 short sword.
You closely miss the orc priest. Your grab misses the orc priest.
The orc priest is severely wounded.
The orc shouts!
The orc priest hits you with a +0 mace. The orc barely misses you.
Casting: Sandblast (safe; 2% risk of failure)
Confirm with . or Enter, or press ? or * to list all spells.
Aiming: Sandblast (safe; 2% risk of failure)
Press: ? - help, Shift-Dir - straight line, f - orc priest
Aim: an orc priest, wielding a +0 mace and wearing a +0 scale mail (severely wounded, 83% to hit)
The blast of sand hits the orc priest.
The orc priest is severely wounded.
The orc hits you with a +0 club.
The orc priest calls down the wrath of Beogh upon you.
Pain shoots through your body! The orc hits you with a +0 short sword.
Casting: Sandblast (safe; 2% risk of failure)
Confirm with . or Enter, or press ? or * to list all spells.
Aiming: Sandblast (safe; 2% risk of failure)
Press: ? - help, Shift-Dir - straight line, f/p - orc priest
Aim: an orc priest, wielding a +0 mace and wearing a +0 scale mail (severely wounded, 83% to hit)
You miscast Sandblast.
You are very lightly contaminated with residual magic.
Nothing appears to happen.
The orc hits you with a +0 club.
* * * LOW HITPOINT WARNING * * *
The orc priest hits you with a +0 mace.
* * * LOW HITPOINT WARNING * * *
The orc completely misses you.
Casting: Sandblast (safe; 2% risk of failure)
Confirm with . or Enter, or press ? or * to list all spells.
Aiming: Sandblast (safe; 2% risk of failure)
Press: ? - help, Shift-Dir - straight line, f/p - orc priest
Aim: an orc priest, wielding a +0 mace and wearing a +0 scale mail (severely wounded, 83% to hit)
The blast of sand misses the orc priest.
The orc hits you with a +0 club.
* * * LOW HITPOINT WARNING * * *
The orc priest hits you with a +0 mace.
You die...

###.# # #.#
###.# #.#
#....#
#.######......
#.............
######........
#.#######
#..o.# ###@.#
#oo# ##...
####


You could see an orc priest and 2 orcs.

Vanquished Creatures
  A centaur (D:3)
  Crazy Yiuf (D:2)
  Jessica (D:2)
  An adder (D:2)
  2 dart slugs
  4 ball pythons
  4 bats
  12 endoplasms
  2 giant cockroaches
  5 goblins
  3 hobgoblins
  4 jackals
  4 quokkas
  5 frilled lizards
  4 kobolds
  4 rats
57 creatures vanquished.

Vanquished Creatures (others)
  3 fungi (D:2)
3 creatures vanquished.

Grand Total: 60 creatures vanquished

Notes
Turn   | Place    | Note
-------+----------+-------------------------------------------
     0 | D:1      | porpoise the Octopode Earth Elementalist began the quest
                  | for the Orb.
     0 | D:1      | Reached XP level 1. HP: 11/11 MP: 3/3
   121 | D:1      | Reached XP level 2. HP: 17/17 MP: 5/5
   433 | D:1      | Reached XP level 3. HP: 21/21 MP: 6/6
   437 | D:1      | Learned a level 3 spell: Stone Arrow
   944 | D:2      | Found a faded altar of an unknown god.
  1139 | D:2      | Noticed Jessica
  1142 | D:2      | Killed Jessica
  1143 | D:2      | Reached XP level 4. HP: 27/27 MP: 8/8
  1210 | D:2      | Found a runed translucent door.
  1211 | D:2      | Noticed Crazy Yiuf
  1217 | D:2      | Killed Crazy Yiuf
  1284 | D:2      | Found Atup's Magic Scroll Shop.
  1610 | D:2      | Bought 3 scrolls of identify for 78 gold pieces
  1804 | D:3      | Reached XP level 5. HP: 28/31 MP: 9/9
  2148 | D:3      | Noticed a centaur
  2160 | D:3      | Killed a centaur
  2212 | D:3      | HP: 1/31 [orc/+0 club (3)]
  2212 | D:3      | Slain by an orc priest

Illustrated notes

Levels and vault maps discovered:
D:1:      dpeg_arrival_shrine, layout_basic
D:2:      layout_rooms, serial_shops, nicolae_shop_waterfront,
          chequers_ecumenical_altar_simple, kennysheep_generic_room_3,
          uniq_crazy_yiuf_cottage, uniq_jessica
D:3:      minmay_roachtagon, layout_loops_corners, uniq_sigmund, uniq_ijyb,
          uniq_grinder, uniq_robin

Skill      XL: |  1  2  3  4  5 |
---------------+----------------+-----
Stealth        | 3 4 |  4.4
Spellcasting   | 3 |  3.7
Earth Magic    | 4 |  4.6
Dodging        | |  2.0
Transmutations | |  1.0

Action                   |  1- 3 |  4- 6 || total
-------------------------+-------+-------++-------
Melee: Dagger            |    54 |    35 ||    89
       Tentacles         |     8 |     2 ||    10
       Unarmed           |     2 |       ||     2
       Constrict         |    13 |     7 ||    20
 Cast: Sandblast         |     7 |    11 ||    18
       Stone Arrow       |       |     1 ||     1
 Stab: Sleeping          |    10 |     6 ||    16
Armor: Skin              |     4 |     4 ||     8
Dodge: Dodged            |    13 |    15 ||    28
Block: Other             |       |     2 ||     2

Table legend: (Time is in decaauts)
 A = Elapsed time spent in this place.
 B = Non-inter-level travel time spent in this place.
 C = Inter-level travel time spent in this place.
 D = Time resting spent in this place.
 E = Time spent auto-exploring this place.
 F = Levels seen in this place.
 G = Mean time per level.
                   A        B        C        D        E       F      G
               +--------+--------+--------+--------+--------+-----+--------+
         Total |   2182 |   2155 |     27 |    738 |   1030 |   3 |  727.3 |
       Dungeon |   2182 |   2155 |     27 |    738 |   1030 |   3 |  727.3 |
               +--------+--------+--------+--------+--------+-----+--------+

Top non-repeatable levels by time:
     D:2: 939 daAuts
     D:1: 814 daAuts
     D:3: 428 daAuts
